Edmonton Oilers vs San Jose Sharks
Created - Tuesday, March 19, 2024 at 08:32
Goals
|
| Edmonton Oilers |
1 |
0 |
1 |
2 |
| San Jose Sharks |
0 |
1 |
2 |
3 |
|
Shots
|
| Edmonton Oilers |
17 |
7 |
7 |
31 |
| San Jose Sharks |
10 |
12 |
10 |
32 |
|
1st period
1. Edmonton Oilers , Evan Bouchard 6 (Adrian Kempe 25, Blake Wheeler 11) at 9:14 (PP)
Penalties :
Ryan Hartman (SJS) for Interference (Minor) at 9:06
2nd period
2. San Jose Sharks , Ryan Hartman 9 (Adam Henrique 19, Ivan Barbashev 19) at 3:33 (PP)
Penalties :
Juuse Saros (EDM) for Slashing (Minor) at 2:57 - Tanner Jeannot served the penalty, Ryan Hartman (SJS) for Roughing (Minor) at 4:08, Ryan Hartman (SJS) for Hooking (Minor) at 9:17, Derek Grant (EDM) for Interference (Minor) at 19:54
3rd period
3. San Jose Sharks , Ivan Barbashev 11 (Dmitry Orlov 10, Adam Henrique 20) at 0:44 (PP)
4. San Jose Sharks , Valeri Nichushkin 14 (Dylan Strome 20, Dmitry Orlov 11) at 5:27
5. Edmonton Oilers , Adrian Kempe 13 (Boone Jenner 24, Alex Iafallo 7) at 17:26 (PP)
Penalties :
Brett Pesce (EDM) for Diving (Minor) at 6:23, Ryan Hartman (SJS) for High sticking (Minor) at 8:58, Boone Jenner (EDM) for Hooking (Minor) at 9:04, Adrian Kempe (EDM) for Slashing (Minor) at 15:23, Dmitry Orlov (SJS) for Diving (Minor) at 16:23
Goalie Stats
Juuse Saros (EDM), 29 saves from 32 shots - (0.906), L, 20-12-1, 59:15 minutes
Ilya Samsonov (SJS), 29 saves from 31 shots - (0.935), W, 16-11-5, 60:00 minutes
Players Stats for Edmonton Oilers
Player Name G A P +/- PIM S H SB GA TA FO MP PP MP PK MP
------------------------------------------------------------------------------------
Adrian Kempe 1 1 2 0 2 7 1 2 1 0 0/1 18:30 2:32 0:00
Alex Iafallo 0 1 1 0 0 2 1 0 0 0 0/0 12:31 0:04 1:29
Blake Wheeler 0 1 1 0 0 3 1 0 0 0 0/1 12:44 2:48 0:00
Boone Jenner 0 1 1 0 2 0 0 0 0 0 14/22 18:41 2:31 0:00
Brandon Carlo 0 0 0 -1 0 2 0 0 0 2 0/0 22:27 0:04 2:17
Brett Pesce 0 0 0 0 2 0 0 0 0 2 0/0 14:09 1:24 0:00
Brock Boeser 0 0 0 0 0 2 1 0 1 1 1/5 19:45 2:28 0:02
David Perron 0 0 0 0 0 1 2 0 1 0 0/1 15:36 1:44 0:00
Dawson Mercer 0 0 0 -1 0 4 3 0 1 0 0/0 10:23 1:24 0:00
Derek Grant 0 0 0 -1 2 1 2 1 0 0 11/13 11:38 0:00 2:24
Evan Bouchard 1 0 1 0 0 1 0 3 0 0 0/0 21:47 2:48 0:06
Jacob Trouba 0 0 0 -1 0 3 2 2 0 1 0/0 21:14 0:04 2:17
Jake DeBrusk 0 0 0 0 0 0 2 0 0 0 0/0 15:42 1:44 0:00
Jeff Carter 0 0 0 0 0 2 0 0 0 0 3/4 11:53 0:00 1:29
Mikael Backlund 0 0 0 0 0 2 4 0 0 0 13/22 18:22 1:44 1:14
Rasmus Ristolainen 0 0 0 0 0 0 2 1 1 1 0/0 20:33 0:00 2:14
Scott Mayfield 0 0 0 0 0 0 0 2 0 2 0/0 14:59 0:00 2:08
Tanner Jeannot 0 0 0 -1 0 1 1 0 0 1 0/0 11:39 0:00 2:24
Players Stats for San Jose Sharks
Player Name G A P +/- PIM S H SB GA TA FO MP PP MP PK MP
------------------------------------------------------------------------------------
Adam Henrique 0 2 2 0 0 1 1 0 1 0 11/23 19:22 2:44 1:58
Andreas Athanasiou 0 0 0 0 0 2 3 0 2 0 0/1 12:19 0:28 0:00
Christian Dvorak 0 0 0 0 0 0 0 0 1 0 0/1 2:39 0:00 0:00
Christopher Tanev 0 0 0 0 0 2 1 1 0 1 0/0 14:03 0:00 0:04
Connor Murphy 0 0 0 0 0 0 1 1 0 1 0/0 22:27 1:56 2:15
Derek Forbort 0 0 0 1 0 0 1 1 1 0 0/0 23:42 2:35 2:01
Dmitry Orlov 0 2 2 1 2 1 2 1 0 0 0/0 23:29 2:34 1:57
Dylan Strome 0 1 1 1 0 2 0 0 0 0 0/1 19:53 1:41 1:58
Ilya Mikheyev 0 0 0 0 0 0 2 0 0 1 0/0 11:34 0:00 0:06
Ivan Barbashev 1 1 2 0 0 7 3 1 3 0 0/2 16:30 2:47 0:00
Jack Roslovic 0 0 0 0 0 0 1 0 0 0 0/0 10:42 0:00 0:13
John Hayden 0 0 0 0 0 0 1 0 0 0 1/5 10:41 0:00 0:00
Ryan Hartman 1 0 1 0 8 3 3 1 0 1 5/10 17:39 2:25 0:00
Simon Nemec 0 0 0 0 0 0 0 0 0 0 0/0 13:51 0:00 0:00
Valeri Nichushkin 1 0 1 1 0 9 1 0 1 0 2/7 22:02 1:44 2:12
Victor Olofsson 0 0 0 0 0 2 0 0 1 0 0/0 10:31 0:00 0:00
William Karlsson 0 0 0 1 0 1 2 1 0 1 8/19 18:56 1:44 2:05
Zachary Werenski 0 0 0 0 0 2 0 0 0 0 0/0 22:27 1:56 2:15
3 Stars
1 - Ivan Barbashev (SJS)
2 - Valeri Nichushkin (SJS)
3 - Dmitry Orlov (SJS)
Power Play
Edmonton Oilers - 2 on 5 Attempt(s) - 40.00%
San Jose Sharks - 2 on 5 Attempt(s) - 40.00%
Penalty Kill
Edmonton Oilers - 3 on 5 Attempt(s) - 60.00%
- Score 0 goal in Penalty Kill
San Jose Sharks - 3 on 5 Attempt(s) - 60.00%
- Score 0 goal in Penalty Kill
Team Stat
Edmonton Oilers - Hits : 22 - Faceoff Wins : 42 - Blocked Shots : 11 - Penalty Minutes : 10
San Jose Sharks - Hits : 22 - Faceoff Wins : 27 - Blocked Shots : 7 - Penalty Minutes : 10
Official
Referees : Dave Jackson and Mike Leggo
Linesman : Michel Cormier and Steve Miller
Game Notes
Christian Dvorak is injured at 8:49 of 1st period (Left Knee)
Finance
Level 1 -- Attendance: 4726 (78.77%) -- Ticket Income $458,422
Level 2 -- Attendance: 3697 (73.94%) -- Ticket Income $210,729
Level 3 -- Attendance: 2746 (91.53%) -- Ticket Income $90,618
Level 4 -- Attendance: 4910 (98.20%) -- Ticket Income $108,020
Luxury Box -- Attendance: 867 (86.70%) -- Ticket Income $167,331
Game was played at the SAP Center at San Jose.
Total Attendance: 16946 (84.73%)
Total Ticket Income: $1,035,120
Other Income: $362,292
Total Income: $1,397,412
Edmonton Oilers
5 vs 5 Forward
Center Left Wing Right Wing Time % Phy DF OF
1 Boone Jenner Adrian Kempe David Perron 34 1 1 3
2 Mikael Backlund Jake DeBrusk Brock Boeser 34 0 2 3
3 Jeff Carter Alex Iafallo Blake Wheeler 20 1 2 2
4 Derek Grant Tanner Jeannot Dawson Mercer 12 1 3 1
5 vs 5 Defense
Defense Defense Time % Phy DF OF
1 Jacob Trouba Brandon Carlo 35 1 3 1
2 Rasmus Ristolainen Evan Bouchard 35 0 2 3
3 Brett Pesce Scott Mayfield 25 1 3 1
4 Brandon Carlo Scott Mayfield 5 1 4 0
PowerPlay Forward
Center Left Wing Right Wing Time % Phy DF OF
1 Boone Jenner Adrian Kempe Brock Boeser 60 1 0 4
2 Mikael Backlund Jake DeBrusk David Perron 40 1 0 4
PowerPlay Defense
Defense Defense Time % Phy DF OF
1 Evan Bouchard Blake Wheeler 60 1 1 3
2 Brett Pesce Dawson Mercer 40 0 2 3
Penalty Kill 4 Players Forward
Center Wing Time % Phy DF OF
1 Derek Grant Tanner Jeannot 53 1 4 0
2 Jeff Carter Alex Iafallo 47 1 4 0
Penalty Kill 4 Players Defense
Defense Defense Time % Phy DF OF
1 Brandon Carlo Jacob Trouba 50 2 3 0
2 Scott Mayfield Rasmus Ristolainen 50 2 3 0
Penalty Kill - 3 Players Forward
Forward Time % Phy DF OF
1 Derek Grant 50 1 4 0
2 Mikael Backlund 50 1 4 0
Penalty Kill - 3 Players Defense
Defense Defense Time % Phy DF OF
1 Brandon Carlo Jacob Trouba 50 1 4 0
2 Scott Mayfield Rasmus Ristolainen 50 1 4 0
4 vs 4 Forward
Center Wing Time % Phy DF OF
1 Boone Jenner Adrian Kempe 50 1 2 2
2 Mikael Backlund Brock Boeser 50 0 2 3
4 vs 4 Defense
Defense Defense Time % Phy DF OF
1 Jacob Trouba Brandon Carlo 50 1 3 1
2 Rasmus Ristolainen Evan Bouchard 50 1 1 3
Last Minutes Offensive
Center Left Wing Right Wing Defense Defense
Boone Jenner Adrian Kempe Brock Boeser Brett Pesce Evan Bouchard
Last Minutes Defensive
Center Left Wing Right Wing Defense Defense
Mikael Backlund Derek Grant Tanner Jeannot Brandon Carlo Scott Mayfield
Goaltenders
Starting : Juuse Saros
Backup : Matt Murray
Extra Forwards
Normal : Brock Boeser, Adrian Kempe, Boone Jenner - PP : Jake DeBrusk, Brock Boeser - PK : Mikael Backlund
Extra Defensemen
Normal : Evan Bouchard, Jacob Trouba, Brandon Carlo - PP : Jacob Trouba - PK : Brett Pesce, Brandon Carlo
Penalty Shots
Boone Jenner, Adrian Kempe, Brock Boeser, Jake DeBrusk, Dawson Mercer
San Jose Sharks
5 vs 5 Forward
Center Left Wing Right Wing Time % Phy DF OF
1 William Karlsson Valeri Nichushkin Dylan Strome 30 1 2 2
2 Adam Henrique Christian Dvorak Ivan Barbashev 30 1 2 2
3 Ryan Hartman Andreas Athanasiou Jack Roslovic 25 1 2 2
4 John Hayden Victor Olofsson Ilya Mikheyev 15 1 2 2
5 vs 5 Defense
Defense Defense Time % Phy DF OF
1 Dmitry Orlov Derek Forbort 35 1 2 2
2 Zachary Werenski Connor Murphy 35 1 2 2
3 Christopher Tanev Simon Nemec 30 1 2 2
4 Dmitry Orlov Derek Forbort 0 1 2 2
PowerPlay Forward
Center Left Wing Right Wing Time % Phy DF OF
1 William Karlsson Valeri Nichushkin Dylan Strome 50 1 2 2
2 Adam Henrique Christian Dvorak Ivan Barbashev 50 1 2 2
PowerPlay Defense
Defense Defense Time % Phy DF OF
1 Dmitry Orlov Derek Forbort 50 1 2 2
2 Zachary Werenski Connor Murphy 50 1 2 2
Penalty Kill 4 Players Forward
Center Wing Time % Phy DF OF
1 Valeri Nichushkin William Karlsson 50 1 2 2
2 Adam Henrique Dylan Strome 50 1 2 2
Penalty Kill 4 Players Defense
Defense Defense Time % Phy DF OF
1 Dmitry Orlov Derek Forbort 50 1 2 2
2 Zachary Werenski Connor Murphy 50 1 2 2
Penalty Kill - 3 Players Forward
Forward Time % Phy DF OF
1 Valeri Nichushkin 50 1 2 2
2 William Karlsson 50 1 2 2
Penalty Kill - 3 Players Defense
Defense Defense Time % Phy DF OF
1 Dmitry Orlov Derek Forbort 50 1 2 2
2 Zachary Werenski Connor Murphy 50 1 2 2
4 vs 4 Forward
Center Wing Time % Phy DF OF
1 Valeri Nichushkin William Karlsson 50 1 2 2
2 Adam Henrique Dylan Strome 50 1 2 2
4 vs 4 Defense
Defense Defense Time % Phy DF OF
1 Dmitry Orlov Derek Forbort 50 1 2 2
2 Zachary Werenski Connor Murphy 50 1 2 2
Last Minutes Offensive
Center Left Wing Right Wing Defense Defense
William Karlsson Valeri Nichushkin Dylan Strome Dmitry Orlov Derek Forbort
Last Minutes Defensive
Center Left Wing Right Wing Defense Defense
William Karlsson Valeri Nichushkin Dylan Strome Dmitry Orlov Derek Forbort
Goaltenders
Starting : Ilya Samsonov
Backup : Logan Thompson
Extra Forwards
Normal : Ryan Hartman, Andreas Athanasiou, Jack Roslovic - PP : Ryan Hartman, Andreas Athanasiou - PK : Jack Roslovic
Extra Defensemen
Normal : Christopher Tanev, Simon Nemec, Zachary Werenski - PP : Christopher Tanev - PK : Simon Nemec, Zachary Werenski
Penalty Shots
Valeri Nichushkin, William Karlsson, Adam Henrique, Dylan Strome, Christian Dvorak
% Time on Ice - Edmonton Oilers
Lines # - Real PCT - Wanted PCT - Time Play
Normal Forward
1 - 32% - 34% - 15:05
2 - 30% - 34% - 14:00
3 - 22% - 20% - 10:14
4 - 17% - 12% - 7:48
Normal Defense
1 - 36% - 35% - 16:58
2 - 37% - 35% - 17:20
3 - 25% - 25% - 11:36
4 - 3% - 5% - 1:13
PP Forward
1 - 59% - 60% - 2:32
2 - 41% - 40% - 1:44
PP Defense
1 - 67% - 60% - 2:52
2 - 33% - 40% - 1:24
PK Forward
1 - 66% - 53% - 3:00
2 - 34% - 47% - 1:31
PK Defense
1 - 51% - 50% - 2:17
2 - 49% - 50% - 2:14
PK3 Forward
1 - 0% - 50%
2 - 0% - 50%
PK3 Defense
1 - 0% - 50%
2 - 0% - 50%
44 Forward
1 - 50% - 50% - 1:26
2 - 50% - 50% - 1:26
44 Defense
1 - 45% - 50% - 1:17
2 - 55% - 50% - 1:35
Last Minute Offensive - 1:14
Last Minute Defensive - 0:00
Total
Forward - 60:00
Defense - 60:00
|
% Time on Ice - San Jose Sharks
Lines # - Real PCT - Wanted PCT - Time Play
Normal Forward
1 - 27% - 30% - 12:51
2 - 31% - 30% - 14:29
3 - 20% - 25% - 9:21
4 - 22% - 15% - 10:31
Normal Defense
1 - 35% - 35% - 16:24
2 - 35% - 35% - 16:34
3 - 29% - 30% - 13:51
4 - 1% - 0% - 0:23
PP Forward
1 - 38% - 50% - 1:44
2 - 62% - 50% - 2:47
PP Defense
1 - 57% - 50% - 2:35
2 - 43% - 50% - 1:56
PK Forward
1 - 54% - 50% - 2:18
2 - 46% - 50% - 1:58
PK Defense
1 - 47% - 50% - 2:01
2 - 53% - 50% - 2:15
PK3 Forward
1 - 0% - 50%
2 - 0% - 50%
PK3 Defense
1 - 0% - 50%
2 - 0% - 50%
44 Forward
1 - 39% - 50% - 1:07
2 - 61% - 50% - 1:45
44 Defense
1 - 41% - 50% - 1:10
2 - 59% - 50% - 1:42
Last Minute Offensive - 0:00
Last Minute Defensive - 1:09
Total
Forward - 60:00
Defense - 60:00
|
Play-by-Play
1st period
0:01 of 1st period - William Karlsson wins face-off versus Boone Jenner in neutral zone.
0:45 of 1st period - Connor Murphy is hit by Rasmus Ristolainen.
0:59 of 1st period - Alex Iafallo is hit by Connor Murphy and loses puck.
1:32 of 1st period - Slapshot by Valeri Nichushkin.
1:32 of 1st period - Stopped by Juuse Saros with a rebound.
1:34 of 1st period - Slapshot by Christopher Tanev.
1:34 of 1st period - Stopped by Juuse Saros with a rebound.
1:36 of 1st period - Snap shot by William Karlsson.
1:36 of 1st period - Stopped by Juuse Saros without a rebound.
1:37 of 1st period - Adam Henrique wins face-off versus Mikael Backlund in Edmonton Oilers zone.
2:02 of 1st period - Adrian Kempe is hit by Andreas Athanasiou and loses puck.
2:27 of 1st period - Wrist shot by Blake Wheeler.
2:27 of 1st period - Shot Blocked by Connor Murphy.
2:29 of 1st period - Wrist shot by Jacob Trouba.
2:29 of 1st period - Stopped by Ilya Samsonov with a rebound.
2:31 of 1st period - Snap shot by Alex Iafallo.
2:31 of 1st period - Stopped by Ilya Samsonov without a rebound.
2:32 of 1st period - Adam Henrique wins face-off versus Mikael Backlund in San Jose Sharks zone.
2:58 of 1st period - Ilya Mikheyev is hit by Jacob Trouba and loses puck.
3:39 of 1st period - Jeff Carter is hit by Andreas Athanasiou.
3:45 of 1st period - Snap shot by Alex Iafallo.
3:45 of 1st period - Stopped by Ilya Samsonov with a rebound.
3:47 of 1st period - Slapshot by Jacob Trouba.
3:47 of 1st period - Stopped by Ilya Samsonov with a rebound.
4:04 of 1st period - Snap shot by Adam Henrique.
4:04 of 1st period - Shot Blocked by Jacob Trouba.
4:39 of 1st period - Icing by Boone Jenner.
4:40 of 1st period - Derek Grant wins face-off versus William Karlsson in Edmonton Oilers zone.
4:49 of 1st period - Snap shot by Dawson Mercer.
4:49 of 1st period - Stopped by Ilya Samsonov with a rebound.
4:51 of 1st period - Wrist shot by Tanner Jeannot.
4:51 of 1st period - Stopped by Ilya Samsonov without a rebound.
4:52 of 1st period - Ryan Hartman wins face-off versus Mikael Backlund in San Jose Sharks zone.
5:05 of 1st period - Snap shot by Brock Boeser.
5:05 of 1st period - Stopped by Ilya Samsonov with a rebound.
5:07 of 1st period - Wrist shot by Mikael Backlund.
5:07 of 1st period - Stopped by Ilya Samsonov without a rebound.
5:08 of 1st period - Boone Jenner wins face-off versus Adam Henrique in San Jose Sharks zone.
5:09 of 1st period - Wrist shot by Adrian Kempe.
5:09 of 1st period - Stopped by Ilya Samsonov with a rebound.
5:14 of 1st period - Off-side.
5:15 of 1st period - Boone Jenner wins face-off versus Christian Dvorak in neutral zone.
6:46 of 1st period - Rasmus Ristolainen is hit by Ivan Barbashev and loses puck.
7:37 of 1st period - Wrist shot by Dawson Mercer.
7:37 of 1st period - Stopped by Ilya Samsonov with a rebound.
7:39 of 1st period - Slapshot by Brandon Carlo.
7:39 of 1st period - Deflect By Ryan Hartman.
7:39 of 1st period - Stopped by Ilya Samsonov with a rebound.
7:53 of 1st period - Snap shot by Victor Olofsson.
7:53 of 1st period - Shot Misses the Net.
7:56 of 1st period - Icing by David Perron.
7:57 of 1st period - Boone Jenner wins face-off versus William Karlsson in Edmonton Oilers zone.
8:22 of 1st period - Snap shot by Adrian Kempe.
8:22 of 1st period - Stopped by Ilya Samsonov without a rebound.
8:23 of 1st period - Adam Henrique wins face-off versus Mikael Backlund in San Jose Sharks zone.
8:48 of 1st period - Christian Dvorak is hit by Derek Grant.
8:49 of 1st period - Christian Dvorak from San Jose Sharks is injured at 8:49 of 1st period (Left Knee).
8:50 of 1st period - Mikael Backlund wins face-off versus Andreas Athanasiou in San Jose Sharks zone.
9:06 of 1st period - Minor Penalty to Ryan Hartman for Interference.
9:07 of 1st period - Boone Jenner wins face-off versus Valeri Nichushkin in San Jose Sharks zone.
9:10 of 1st period - Slapshot by Blake Wheeler.
9:10 of 1st period - Shot Misses the Net.
9:12 of 1st period - Snap shot by Adrian Kempe.
9:12 of 1st period - Shot Misses the Net.
9:14 of 1st period - Slapshot by Evan Bouchard.
9:14 of 1st period - Goal by Evan Bouchard - Edmonton Oilers : 1 - San Jose Sharks : 0.
9:15 of 1st period - William Karlsson wins face-off versus Boone Jenner in neutral zone.
9:22 of 1st period - Snap shot by Dylan Strome.
9:22 of 1st period - Shot Blocked by Scott Mayfield.
9:24 of 1st period - Wrist shot by William Karlsson.
9:24 of 1st period - Deflect By Valeri Nichushkin.
9:24 of 1st period - Shot Misses the Net.
9:24 of 1st period - Puck is out of play.
9:25 of 1st period - William Karlsson wins face-off versus David Perron in Edmonton Oilers zone.
9:26 of 1st period - Snap shot by Dylan Strome.
9:26 of 1st period - Shot Misses the Net.
9:32 of 1st period - Snap shot by Dylan Strome.
9:32 of 1st period - Shot Blocked by Scott Mayfield.
9:34 of 1st period - Slapshot by Connor Murphy.
9:34 of 1st period - Deflect By Dylan Strome.
9:34 of 1st period - Shot Misses the Net.
9:34 of 1st period - Puck is out of play.
9:35 of 1st period - Adam Henrique wins face-off versus Brock Boeser in Edmonton Oilers zone.
10:29 of 1st period - Brandon Carlo is hit by Ilya Mikheyev and loses puck.
10:50 of 1st period - Slapshot by Derek Grant.
10:50 of 1st period - Shot Misses the Net.
10:52 of 1st period - Slapshot by Brett Pesce.
10:52 of 1st period - Deflect By Dawson Mercer.
10:52 of 1st period - Stopped by Ilya Samsonov with a rebound.
11:04 of 1st period - Derek Forbort is hit by Alex Iafallo and loses puck.
11:09 of 1st period - Snap shot by Blake Wheeler.
11:09 of 1st period - Stopped by Ilya Samsonov without a rebound.
11:10 of 1st period - Jeff Carter wins face-off versus Adam Henrique in San Jose Sharks zone.
11:34 of 1st period - Adam Henrique is hit by Blake Wheeler and loses puck.
11:41 of 1st period - Jeff Carter is hit by Ivan Barbashev and loses puck.
12:29 of 1st period - Wrist shot by Ivan Barbashev.
12:29 of 1st period - Stopped by Juuse Saros with a rebound.
12:31 of 1st period - Slapshot by Connor Murphy.
12:31 of 1st period - Shot Misses the Net.
12:33 of 1st period - Snap shot by Valeri Nichushkin.
12:33 of 1st period - Shot Misses the Net.
12:35 of 1st period - Wrist shot by Valeri Nichushkin.
12:35 of 1st period - Stopped by Juuse Saros with a rebound.
12:37 of 1st period - Wrist shot by Ivan Barbashev.
12:37 of 1st period - Stopped by Juuse Saros without a rebound.
12:38 of 1st period - Ryan Hartman wins face-off versus Brock Boeser in Edmonton Oilers zone.
12:41 of 1st period - Slapshot by Andreas Athanasiou.
12:41 of 1st period - Shot Misses the Net.
13:24 of 1st period - Wrist shot by Ryan Hartman.
13:24 of 1st period - Stopped by Juuse Saros with a rebound.
13:47 of 1st period - Jacob Trouba is hit by Dmitry Orlov.
14:50 of 1st period - Ilya Mikheyev is hit by Jake DeBrusk and loses puck.
15:13 of 1st period - Andreas Athanasiou is hit by Jacob Trouba and loses puck.
15:31 of 1st period - Scott Mayfield is hit by William Karlsson and loses puck.
16:12 of 1st period - Zachary Werenski is hit by Tanner Jeannot and loses puck.
16:27 of 1st period - Wrist shot by Alex Iafallo.
16:27 of 1st period - Shot Misses the Net.
17:21 of 1st period - John Hayden is hit by Dawson Mercer and loses puck.
18:00 of 1st period - Mikael Backlund is hit by William Karlsson and loses puck.
18:15 of 1st period - Snap shot by Jake DeBrusk.
18:15 of 1st period - Deflect By Mikael Backlund.
18:15 of 1st period - Stopped by Ilya Samsonov with a rebound.
18:17 of 1st period - Slapshot by Brock Boeser.
18:17 of 1st period - Shot Misses the Net.
18:19 of 1st period - Slapshot by Jacob Trouba.
18:19 of 1st period - Stopped by Ilya Samsonov with a rebound.
18:21 of 1st period - Snap shot by Brock Boeser.
18:21 of 1st period - Shot Misses the Net.
18:23 of 1st period - Backhand shot by Jacob Trouba.
18:23 of 1st period - Shot Blocked by William Karlsson.
18:31 of 1st period - Snap shot by Mikael Backlund.
18:31 of 1st period - Deflect By Jake DeBrusk.
18:31 of 1st period - Shot Blocked by Christopher Tanev.
18:31 of 1st period - Puck is out of play.
18:32 of 1st period - Ryan Hartman wins face-off versus Boone Jenner in San Jose Sharks zone.
18:39 of 1st period - Snap shot by Andreas Athanasiou.
18:39 of 1st period - Shot Misses the Net.
19:01 of 1st period - Snap shot by Ivan Barbashev.
19:01 of 1st period - Stopped by Juuse Saros with a rebound.
19:03 of 1st period - Snap shot by Zachary Werenski.
19:03 of 1st period - Stopped by Juuse Saros with a rebound.
19:07 of 1st period - Snap shot by Ivan Barbashev.
19:07 of 1st period - Shot Misses the Net.
19:09 of 1st period - Wrist shot by Adam Henrique.
19:09 of 1st period - Stopped by Juuse Saros with a rebound.
19:11 of 1st period - Wrist shot by Connor Murphy.
19:11 of 1st period - Shot Blocked by Rasmus Ristolainen.
19:27 of 1st period - Icing by John Hayden.
19:28 of 1st period - Jeff Carter wins face-off versus John Hayden in San Jose Sharks zone.
19:45 of 1st period - Slapshot by Alex Iafallo.
19:45 of 1st period - Shot Misses the Net.
Goals for this period are 1 for Edmonton Oilers vs 0 for San Jose Sharks.
Shots for this period are 17 for Edmonton Oilers vs 10 for San Jose Sharks.
2nd period
0:01 of 2nd period - Mikael Backlund wins face-off versus William Karlsson in neutral zone.
0:35 of 2nd period - Slapshot by Boone Jenner.
0:35 of 2nd period - Deflect By Adrian Kempe.
0:35 of 2nd period - Shot Blocked by Derek Forbort.
0:35 of 2nd period - Puck is out of play.
0:36 of 2nd period - Boone Jenner wins face-off versus Ryan Hartman in San Jose Sharks zone.
0:43 of 2nd period - Wrist shot by David Perron.
0:43 of 2nd period - Stopped by Ilya Samsonov without a rebound.
0:44 of 2nd period - Ryan Hartman wins face-off versus Boone Jenner in San Jose Sharks zone.
0:48 of 2nd period - Off-side.
0:49 of 2nd period - Mikael Backlund wins face-off versus Valeri Nichushkin in neutral zone.
1:14 of 2nd period - Jacob Trouba is hit by Christopher Tanev and loses puck.
1:45 of 2nd period - Snap shot by Derek Grant.
1:45 of 2nd period - Stopped by Ilya Samsonov without a rebound.
1:46 of 2nd period - Mikael Backlund wins face-off versus William Karlsson in San Jose Sharks zone.
2:21 of 2nd period - Wrist shot by Adrian Kempe.
2:21 of 2nd period - Stopped by Ilya Samsonov with a rebound.
2:57 of 2nd period - Wrist shot by Victor Olofsson.
2:57 of 2nd period - Stopped by Juuse Saros without a rebound.
2:57 of 2nd period - Minor Penalty to Juuse Saros for Slashing.
2:58 of 2nd period - Derek Grant wins face-off versus William Karlsson in Edmonton Oilers zone.
3:04 of 2nd period - Icing by Valeri Nichushkin.
3:05 of 2nd period - Derek Grant wins face-off versus William Karlsson in San Jose Sharks zone.
3:12 of 2nd period - Snap shot by William Karlsson.
3:12 of 2nd period - Shot Misses the Net.
3:14 of 2nd period - Wrist shot by Valeri Nichushkin.
3:14 of 2nd period - Stopped by Juuse Saros without a rebound.
3:15 of 2nd period - Derek Grant wins face-off versus Adam Henrique in Edmonton Oilers zone.
3:23 of 2nd period - Off-side.
3:24 of 2nd period - Adam Henrique wins face-off versus Derek Grant in neutral zone.
3:33 of 2nd period - Snap shot by Ryan Hartman.
3:33 of 2nd period - Goal by Ryan Hartman - Edmonton Oilers : 1 - San Jose Sharks : 1.
3:34 of 2nd period - Mikael Backlund wins face-off versus William Karlsson in neutral zone.
3:37 of 2nd period - Dmitry Orlov is hit by Mikael Backlund and loses puck.
4:08 of 2nd period - Minor Penalty to Ryan Hartman for Roughing.
4:09 of 2nd period - Adam Henrique wins face-off versus Boone Jenner in San Jose Sharks zone.
4:23 of 2nd period - Backhand shot by William Karlsson.
4:23 of 2nd period - Shot Blocked by Adrian Kempe.
6:08 of 2nd period - Penalty to Ryan Hartman is over, Ryan Hartman is back on ice.
6:16 of 2nd period - Ryan Hartman is hit by David Perron and loses puck.
7:35 of 2nd period - Wrist shot by Victor Olofsson.
7:35 of 2nd period - Shot Blocked by Derek Grant.
7:37 of 2nd period - Slapshot by Christopher Tanev.
7:37 of 2nd period - Stopped by Juuse Saros without a rebound.
7:38 of 2nd period - Derek Grant wins face-off versus John Hayden in Edmonton Oilers zone.
9:17 of 2nd period - Minor Penalty to Ryan Hartman for Hooking.
9:18 of 2nd period - Boone Jenner wins face-off versus Adam Henrique in San Jose Sharks zone.
9:23 of 2nd period - Snap shot by Adrian Kempe.
9:23 of 2nd period - Stopped by Ilya Samsonov without a rebound.
9:24 of 2nd period - Boone Jenner wins face-off versus Adam Henrique in San Jose Sharks zone.
10:17 of 2nd period - Brett Pesce is hit by Dmitry Orlov.
11:17 of 2nd period - Penalty to Ryan Hartman is over, Ryan Hartman is back on ice.
13:37 of 2nd period - Jeff Carter is hit by Jack Roslovic.
13:47 of 2nd period - Snap shot by Victor Olofsson.
13:47 of 2nd period - Stopped by Juuse Saros without a rebound.
13:48 of 2nd period - Derek Grant wins face-off versus John Hayden in Edmonton Oilers zone.
14:36 of 2nd period - Slapshot by Mikael Backlund.
14:36 of 2nd period - Shot Misses the Net.
15:14 of 2nd period - Snap shot by Andreas Athanasiou.
15:14 of 2nd period - Stopped by Juuse Saros without a rebound.
15:15 of 2nd period - Adam Henrique wins face-off versus Derek Grant in Edmonton Oilers zone.
15:24 of 2nd period - Snap shot by Ivan Barbashev.
15:24 of 2nd period - Stopped by Juuse Saros without a rebound.
15:25 of 2nd period - Boone Jenner wins face-off versus Dylan Strome in Edmonton Oilers zone.
15:42 of 2nd period - Slapshot by Valeri Nichushkin.
15:42 of 2nd period - Shot Misses the Net.
15:52 of 2nd period - Ivan Barbashev is hit by Mikael Backlund and loses puck.
15:59 of 2nd period - Slapshot by Zachary Werenski.
15:59 of 2nd period - Stopped by Juuse Saros with a rebound.
16:01 of 2nd period - Slapshot by Connor Murphy.
16:01 of 2nd period - Shot Blocked by Evan Bouchard.
16:37 of 2nd period - Wrist shot by Andreas Athanasiou.
16:37 of 2nd period - Stopped by Juuse Saros with a rebound.
16:48 of 2nd period - William Karlsson is hit by Dawson Mercer and loses puck.
16:59 of 2nd period - Wrist shot by Valeri Nichushkin.
16:59 of 2nd period - Stopped by Juuse Saros without a rebound.
17:00 of 2nd period - Boone Jenner wins face-off versus Adam Henrique in Edmonton Oilers zone.
17:00 of 2nd period - Boone Jenner is hit by Adam Henrique.
18:17 of 2nd period - Wrist shot by Dawson Mercer.
18:17 of 2nd period - Stopped by Ilya Samsonov with a rebound.
18:24 of 2nd period - Icing by Victor Olofsson.
18:25 of 2nd period - Adam Henrique wins face-off versus Boone Jenner in San Jose Sharks zone.
18:30 of 2nd period - Jacob Trouba is hit by Ivan Barbashev and loses puck.
18:37 of 2nd period - Wrist shot by Adam Henrique.
18:37 of 2nd period - Shot Misses the Net.
18:39 of 2nd period - Wrist shot by Ivan Barbashev.
18:39 of 2nd period - Stopped by Juuse Saros without a rebound.
18:40 of 2nd period - Mikael Backlund wins face-off versus William Karlsson in Edmonton Oilers zone.
18:51 of 2nd period - William Karlsson is hit by Jake DeBrusk and loses puck.
19:12 of 2nd period - Snap shot by Blake Wheeler.
19:12 of 2nd period - Stopped by Ilya Samsonov with a rebound.
19:14 of 2nd period - Wrist shot by Blake Wheeler.
19:14 of 2nd period - Stopped by Ilya Samsonov with a rebound.
19:34 of 2nd period - Derek Forbort is hit by David Perron and loses puck.
19:51 of 2nd period - Slapshot by Dmitry Orlov.
19:51 of 2nd period - Stopped by Juuse Saros without a rebound.
19:52 of 2nd period - Derek Grant wins face-off versus John Hayden in Edmonton Oilers zone.
19:54 of 2nd period - Minor Penalty to Derek Grant for Interference.
19:55 of 2nd period - William Karlsson wins face-off versus Mikael Backlund in Edmonton Oilers zone.
19:59 of 2nd period - Snap shot by Valeri Nichushkin.
19:59 of 2nd period - Shot Misses the Net.
Goals for this period are 0 for Edmonton Oilers vs 1 for San Jose Sharks.
Shots for this period are 7 for Edmonton Oilers vs 12 for San Jose Sharks.
3rd period
0:01 of 3rd period - Mikael Backlund wins face-off versus Adam Henrique in neutral zone.
0:04 of 3rd period - Ryan Hartman is hit by Mikael Backlund and loses puck.
0:08 of 3rd period - Icing by Adam Henrique.
0:09 of 3rd period - Mikael Backlund wins face-off versus Ivan Barbashev in San Jose Sharks zone.
0:10 of 3rd period - Slapshot by Tanner Jeannot.
0:10 of 3rd period - Shot Blocked by Ivan Barbashev.
0:18 of 3rd period - Tanner Jeannot is hit by Ryan Hartman and loses puck.
0:34 of 3rd period - Icing by Derek Forbort.
0:35 of 3rd period - Adam Henrique wins face-off versus Jeff Carter in San Jose Sharks zone.
0:44 of 3rd period - Snap shot by Ivan Barbashev.
0:44 of 3rd period - Goal by Ivan Barbashev - Edmonton Oilers : 1 - San Jose Sharks : 2.
0:45 of 3rd period - William Karlsson wins face-off versus Mikael Backlund in neutral zone.
0:50 of 3rd period - Wrist shot by Dylan Strome.
0:50 of 3rd period - Shot Misses the Net.
0:52 of 3rd period - Slapshot by Valeri Nichushkin.
0:52 of 3rd period - Stopped by Juuse Saros with a rebound.
0:54 of 3rd period - Snap shot by Valeri Nichushkin.
0:54 of 3rd period - Stopped by Juuse Saros without a rebound.
0:55 of 3rd period - Mikael Backlund wins face-off versus Valeri Nichushkin in Edmonton Oilers zone.
1:22 of 3rd period - Wrist shot by William Karlsson.
1:22 of 3rd period - Shot Misses the Net.
1:32 of 3rd period - Snap shot by William Karlsson.
1:32 of 3rd period - Shot Misses the Net.
1:34 of 3rd period - Wrist shot by Valeri Nichushkin.
1:34 of 3rd period - Stopped by Juuse Saros without a rebound.
1:35 of 3rd period - Boone Jenner wins face-off versus Ryan Hartman in Edmonton Oilers zone.
1:35 of 3rd period - Boone Jenner is hit by Derek Forbort.
1:45 of 3rd period - Wrist shot by Adrian Kempe.
1:45 of 3rd period - Stopped by Ilya Samsonov with a rebound.
2:10 of 3rd period - Off-side.
2:11 of 3rd period - John Hayden wins face-off versus Mikael Backlund in neutral zone.
2:14 of 3rd period - Mikael Backlund is hit by Ilya Mikheyev and loses puck.
2:23 of 3rd period - Slapshot by Ilya Mikheyev.
2:23 of 3rd period - Shot Misses the Net.
2:29 of 3rd period - Zachary Werenski is hit by Brock Boeser and loses puck.
2:37 of 3rd period - Icing by Connor Murphy.
2:38 of 3rd period - Boone Jenner wins face-off versus Adam Henrique in San Jose Sharks zone.
2:53 of 3rd period - Wrist shot by Ivan Barbashev.
2:53 of 3rd period - Shot Blocked by Evan Bouchard.
3:03 of 3rd period - William Karlsson is hit by Mikael Backlund and loses puck.
4:08 of 3rd period - Snap shot by Dylan Strome.
4:08 of 3rd period - Shot Hit the Post.
4:10 of 3rd period - Snap shot by Valeri Nichushkin.
4:10 of 3rd period - Stopped by Juuse Saros without a rebound.
4:11 of 3rd period - Boone Jenner wins face-off versus Adam Henrique in Edmonton Oilers zone.
4:22 of 3rd period - Snap shot by Adam Henrique.
4:22 of 3rd period - Shot Misses the Net.
4:46 of 3rd period - Snap shot by Adrian Kempe.
4:46 of 3rd period - Deflect By David Perron.
4:46 of 3rd period - Shot Misses the Net.
4:46 of 3rd period - Puck is out of play.
4:47 of 3rd period - Mikael Backlund wins face-off versus William Karlsson in San Jose Sharks zone.
5:12 of 3rd period - Connor Murphy is hit by Dawson Mercer and loses puck.
5:27 of 3rd period - Snap shot by Valeri Nichushkin.
5:27 of 3rd period - Goal by Valeri Nichushkin - Edmonton Oilers : 1 - San Jose Sharks : 3.
5:28 of 3rd period - Mikael Backlund wins face-off versus Ryan Hartman in neutral zone.
6:01 of 3rd period - Slapshot by Ivan Barbashev.
6:01 of 3rd period - Stopped by Juuse Saros without a rebound.
6:02 of 3rd period - Boone Jenner wins face-off versus Adam Henrique in Edmonton Oilers zone.
6:02 of 3rd period - Boone Jenner is hit by Ryan Hartman.
6:10 of 3rd period - Snap shot by Adam Henrique.
6:10 of 3rd period - Shot Blocked by Adrian Kempe.
6:12 of 3rd period - Wrist shot by Ryan Hartman.
6:12 of 3rd period - Shot Blocked by Jacob Trouba.
6:14 of 3rd period - Snap shot by Ryan Hartman.
6:14 of 3rd period - Stopped by Juuse Saros without a rebound.
6:15 of 3rd period - Adam Henrique wins face-off versus Brock Boeser in Edmonton Oilers zone.
6:20 of 3rd period - Wrist shot by Ryan Hartman.
6:20 of 3rd period - Deflect By Adam Henrique.
6:20 of 3rd period - Shot Misses the Net.
6:20 of 3rd period - Puck is out of play.
6:21 of 3rd period - Mikael Backlund wins face-off versus Ivan Barbashev in Edmonton Oilers zone.
6:23 of 3rd period - Minor Penalty to Brett Pesce for Diving.
6:24 of 3rd period - Derek Grant wins face-off versus William Karlsson in Edmonton Oilers zone.
6:50 of 3rd period - Zachary Werenski is hit by Derek Grant and loses puck.
7:43 of 3rd period - Rasmus Ristolainen is hit by Valeri Nichushkin and loses puck.
8:23 of 3rd period - Penalty to Brett Pesce is over, Brett Pesce is back on ice.
8:58 of 3rd period - Minor Penalty to Ryan Hartman for High sticking.
8:59 of 3rd period - Valeri Nichushkin wins face-off versus Adrian Kempe in San Jose Sharks zone.
8:59 of 3rd period - Valeri Nichushkin is hit by Adrian Kempe.
9:04 of 3rd period - Minor Penalty to Boone Jenner for Hooking.
9:05 of 3rd period - Brock Boeser wins face-off versus Valeri Nichushkin in Edmonton Oilers zone.
9:09 of 3rd period - Backhand shot by Brock Boeser.
9:09 of 3rd period - Stopped by Ilya Samsonov without a rebound.
9:10 of 3rd period - Valeri Nichushkin wins face-off versus Brock Boeser in San Jose Sharks zone.
10:58 of 3rd period - Penalty to Ryan Hartman is over, Ryan Hartman is back on ice.
11:04 of 3rd period - Penalty to Boone Jenner is over, Boone Jenner is back on ice.
11:08 of 3rd period - Icing by Tanner Jeannot.
11:09 of 3rd period - Derek Grant wins face-off versus Ryan Hartman in Edmonton Oilers zone.
11:09 of 3rd period - Derek Grant is hit by Ryan Hartman.
11:57 of 3rd period - Wrist shot by Derek Grant.
11:57 of 3rd period - Shot Misses the Net.
12:28 of 3rd period - Snap shot by Boone Jenner.
12:28 of 3rd period - Shot Misses the Net.
12:30 of 3rd period - Slapshot by Brandon Carlo.
12:30 of 3rd period - Stopped by Ilya Samsonov without a rebound.
12:31 of 3rd period - William Karlsson wins face-off versus Mikael Backlund in San Jose Sharks zone.
12:56 of 3rd period - Jacob Trouba is hit by John Hayden and loses puck.
15:23 of 3rd period - Minor Penalty to Adrian Kempe for Slashing.
15:24 of 3rd period - Derek Grant wins face-off versus William Karlsson in Edmonton Oilers zone.
15:51 of 3rd period - Snap shot by Jeff Carter.
15:51 of 3rd period - Stopped by Ilya Samsonov without a rebound.
15:52 of 3rd period - Derek Grant wins face-off versus Adam Henrique in San Jose Sharks zone.
16:07 of 3rd period - Backhand shot by Derek Grant.
16:07 of 3rd period - Shot Blocked by Ryan Hartman.
16:23 of 3rd period - Minor Penalty to Dmitry Orlov for Diving.
16:24 of 3rd period - Adam Henrique wins face-off versus Mikael Backlund in San Jose Sharks zone.
16:31 of 3rd period - Wrist shot by Dylan Strome.
16:31 of 3rd period - Stopped by Juuse Saros without a rebound.
16:32 of 3rd period - Mikael Backlund wins face-off versus Adam Henrique in Edmonton Oilers zone.
16:50 of 3rd period - Zachary Werenski is hit by Rasmus Ristolainen and loses puck.
17:01 of 3rd period - Snap shot by Dylan Strome.
17:01 of 3rd period - Shot Misses the Net.
17:03 of 3rd period - Slapshot by Connor Murphy.
17:03 of 3rd period - Shot Blocked by Evan Bouchard.
17:14 of 3rd period - Snap shot by Dylan Strome.
17:14 of 3rd period - Stopped by Juuse Saros without a rebound.
17:15 of 3rd period - Boone Jenner wins face-off versus Valeri Nichushkin in Edmonton Oilers zone.
17:23 of 3rd period - Penalty to Adrian Kempe is over, Adrian Kempe is back on ice.
17:26 of 3rd period - Snap shot by Adrian Kempe.
17:26 of 3rd period - Goal by Adrian Kempe - Edmonton Oilers : 2 - San Jose Sharks : 3.
17:27 of 3rd period - Ryan Hartman wins face-off versus Blake Wheeler in neutral zone.
17:30 of 3rd period - Jeff Carter is hit by Andreas Athanasiou and loses puck.
17:37 of 3rd period - Snap shot by Blake Wheeler.
17:37 of 3rd period - Shot Misses the Net.
17:39 of 3rd period - Wrist shot by Jeff Carter.
17:39 of 3rd period - Stopped by Ilya Samsonov without a rebound.
17:40 of 3rd period - Jeff Carter wins face-off versus Ryan Hartman in San Jose Sharks zone.
17:43 of 3rd period - Wrist shot by Alex Iafallo.
17:43 of 3rd period - Shot Misses the Net.
19:15 of 3rd period - Edmonton Oilers, Juuse Saros is pulled from the net.
19:15 of 3rd period - Snap shot by Brock Boeser.
19:15 of 3rd period - Shot Misses the Net.
19:17 of 3rd period - Slapshot by Boone Jenner.
19:17 of 3rd period - Shot Misses the Net.
19:23 of 3rd period - Snap shot by Brock Boeser.
19:23 of 3rd period - Shot Blocked by Dmitry Orlov.
19:25 of 3rd period - Snap shot by Brandon Carlo.
19:25 of 3rd period - Shot Misses the Net.
19:27 of 3rd period - Slapshot by Boone Jenner.
19:27 of 3rd period - Deflect By Adrian Kempe.
19:27 of 3rd period - Shot Misses the Net.
19:27 of 3rd period - Puck is out of play.
19:28 of 3rd period - Jon Cooper call a timeout for Edmonton Oilers.
19:28 of 3rd period - William Karlsson wins face-off versus Boone Jenner in San Jose Sharks zone.
19:43 of 3rd period - Snap shot by Dylan Strome.
19:43 of 3rd period - Shot Misses the Net.
19:53 of 3rd period - Wrist shot by Brock Boeser.
19:53 of 3rd period - Shot Misses the Net.
19:55 of 3rd period - Snap shot by Adrian Kempe.
19:55 of 3rd period - Stopped by Ilya Samsonov without a rebound.
19:56 of 3rd period - William Karlsson wins face-off versus Boone Jenner in San Jose Sharks zone.
Goals for this period are 1 for Edmonton Oilers vs 2 for San Jose Sharks.
Shots for this period are 7 for Edmonton Oilers vs 10 for San Jose Sharks.
Back to the Top